Map: Distant Plane

Players

brandonbrb - Winner!

  • Race: Zerg Zerg
  • League: Platinum
  • Spawn Location: 5:00

iYosuua - Winner!

  • Race: Zerg Zerg
  • Spawn Location: 5:00

Musumeci

  • Race: Zerg Zerg
  • League: Diamond
  • Spawn Location: 11:00

MichyMoko

  • Race: Zerg Zerg
  • Spawn Location: 11:00

VOD

Have the link to the VOD?

Description

Time

  • Played on: March 26, 2017, 3:48 p.m.
  • Length: 11:14
Show
View Real Time Build Order
Export as new Build Order

brandonbrb Zerg - Winner!

Build Orders: Hatch First, Swarm Host 

Get SALT Encoding   

  12  0:01  Drone  
  13  0:12  Overlord  
  13  0:17  Drone  
  14  0:30  Drone  
  14  0:32  Drone  
  16  0:36  Drone  
  17  0:58  Hatchery  
  17  1:02  Drone  
  17  1:10  Spawning Pool  
  16  1:14  Extractor  
  16  1:15  Drone  
  16  1:19  Drone  
  16  1:24  Drone  
  18  1:30  Drone  
  20  1:40  Drone  
  20  1:50  Overlord  
  20  2:12  Queen  
  20  2:13  Spine Crawler, Queen  
  20  2:15  Zergling x2  
  24  2:17  Drone x2  
  24  2:22  Drone x2  
  28  2:28  Metabolic Boost  
  28  2:35  Zergling x2  
  29  3:01  Drone x5  
  34  3:06  Spine Crawler  
  34  3:07  Drone  
  34  3:12  Overlord  
  34  3:20  Drone  
  35  3:28  Roach Warren  
  35  3:31  Drone  
  35  3:32  Drone x7  
  42  3:37  Extractor x2  
  42  3:39  Drone  
  40  4:21  Roach  
  40  4:23  Overlord  
  42  4:28  Lair, Overlord x2  
  42  4:38  Evolution Chamber  
  42  4:41  Evolution Chamber  
  39  4:46  Drone x4  
  39  4:48  Roach x4  
  51  4:54  Drone x2  
  53  5:03  Roach x3  
  53  5:04  Roach  
  61  5:13  Roach x2  
  65  5:26  Spine Crawler  
  65  5:28  Roach x2  
  68  5:30  Overlord x2  
  68  5:36  Spine Crawler  
  65  5:49  Roach  
  67  5:50  Roach x7  
  81  6:00  Overlord  
  81  6:09  Infestation Pit  
  80  6:11  Hatchery  
  80  6:15  Zerg Ground Armor Level 1, Zerg Missile Weapons Level 1  
  79  6:19  Queen, Spore Crawler  
  80  6:25  Extractor  
  80  6:28  Overseer  
  79  6:43  Spore Crawler  
  79  6:45  Drone  
  79  6:46  Drone x3, Swarm Host  
  82  6:47  Swarm Host x2  
  82  6:49  Overlord  
  82  6:50  Overlord  
  91  7:10  Swarm Host  
  91  7:11  Swarm Host x3  
  103  7:18  Swarm Host  
  106  7:25  Swarm Host x2  
  106  7:27  Overlord  
  106  7:28  Overlord x4  
  112  7:42  Overlord  
  112  7:43  Overlord  
  112  7:52  Swarm Host x5  
  127  8:09  Swarm Host x5  
  142  8:13  Roach  
  142  8:14  Roach  
  146  8:22  Spore Crawler  
  146  8:24  Spore Crawler  
  144  8:35  Roach x8  
  144  9:42  Roach  
  144  9:43  Roach x11  
  162  10:02  Roach  
  162  10:03  Roach x3  
  167  10:19  Roach  
  167  10:20  Roach x4  
  169  10:44  Hatchery  
Show
View Real Time Build Order
Export as new Build Order

iYosuua Zerg - Winner!

Build Orders: Hatch First, Lurkers 

Get SALT Encoding   

  12  0:01  Drone  
  13  0:13  Overlord  
  13  0:18  Drone  
  14  0:33  Drone x2  
  16  0:36  Drone  
  17  0:47  Drone  
  18  0:57  Drone  
  19  1:07  Drone  
  19  1:08  Hatchery  
  19  1:19  Drone  
  19  1:22  Spawning Pool  
  19  1:25  Extractor  
  19  1:30  Drone  
  19  2:11  Zergling x6  
  22  2:20  Queen x2  
  22  2:21  Overlord  
  26  2:26  Metabolic Boost  
  26  2:37  Drone x2  
  28  2:48  Drone  
  28  2:49  Drone x2  
  31  3:04  Drone x2  
  31  3:05  Drone  
  33  3:30  Drone x2, Overlord x2  
  35  3:41  Lair  
  35  3:50  Hatchery  
  34  4:00  Zergling x16  
  34  4:01  Zergling x2  
  40  4:49  Drone x5, Overlord  
  45  4:53  Hydralisk Den  
  45  4:56  Extractor  
  43  5:00  Extractor  
  43  5:05  Spine Crawler x3  
  39  5:07  Drone x2  
  39  5:08  Drone x2  
  39  5:11  Queen  
  45  5:17  Drone x3  
  48  5:36  Lurker Den  
  38  6:02  Drone  
  38  6:03  Drone x8  
  38  6:04  Drone x5  
  48  6:25  Drone x6  
  54  6:38  Extractor  
  53  6:51  Hydralisk x2  
  53  6:52  Hydralisk x5  
  53  6:53  Extractor  
  66  6:54  Overlord x2  
  66  6:57  Extractor, Spore Crawler  
  64  7:12  Drone x2, Overlord  
  64  7:13  Drone x5  
  71  7:28  Hydralisk x2  
  71  7:29  Hydralisk x3  
  81  7:31  Overlord x2  
  81  7:47  Spore Crawler  
  80  7:56  Evolution Chamber  
  79  7:59  Drone, Evolution Chamber, Spore Crawler  
  79  8:00  Drone x7, Evolution Chamber, Overlord x2  
  79  8:01  Infestation Pit, Drone x2  
  85  8:10  Lurker x2  
  85  8:11  Lurker x4, Hydralisk  
  92  8:42  Hydralisk x7  
  92  8:43  Hydralisk x3  
  96  9:41  Hydralisk x5  
  96  9:42  Hydralisk x8  
  106  10:03  Hydralisk x3  
  106  10:04  Hydralisk  
Show
View Real Time Build Order
Export as new Build Order

Musumeci Zerg 

Build Orders: Hatch First 

Get SALT Encoding   

  12  0:01  Drone  
  13  0:16  Drone  
  13  0:18  Overlord  
  14  0:25  Extractor  
  14  0:26  Drone  
  15  0:36  Drone  
  15  0:37  Drone  
  17  1:01  Hatchery, Drone  
  17  1:02  Extractor  
  17  1:13  Spawning Pool  
  17  1:16  Extractor  
  17  1:17  Drone  
  16  1:21  Drone  
  17  1:31  Drone  
  18  1:43  Drone  
  19  1:52  Overlord  
  19  2:01  Queen  
  21  2:10  Zergling x2  
  21  2:15  Queen  
  22  2:16  Drone  
  22  2:17  Drone  
  26  2:25  Metabolic Boost  
  26  2:29  Drone x2  
  28  2:36  Baneling Nest  
  27  2:40  Queen  
  30  2:44  Drone  
  30  2:52  Zergling x4  
  30  2:53  Zergling x2  
  30  2:57  Zergling x2  
  34  3:01  Overlord  
  34  3:20  Baneling x2  
  34  3:23  Overlord x2  
  34  3:34  Drone x2  
  35  3:36  Overlord x2  
  36  4:13  Baneling x2  
  35  4:19  Zergling x2  
  35  4:20  Zergling x20  
  45  4:26  Zergling x4  
  46  4:45  Zergling x2  
  46  4:46  Zergling x2  
  46  4:50  Extractor, Roach Warren  
  46  4:51  Drone x2, Lair  
  47  5:00  Zergling x4  
  49  5:09  Baneling  
  49  5:10  Baneling x4  
  49  5:11  Zergling x4  
  49  5:13  Baneling x2  
  31  5:58  Drone x13, Extractor  
  31  5:59  Extractor  
  42  6:04  Zergling x2  
  43  6:25  Spire  
  42  6:34  Drone x3  
  45  6:50  Extractor  
  45  6:51  Hatchery  
  43  6:55  Extractor  
  43  6:58  Drone  
  43  6:59  Drone x3  
  43  7:00  Overlord x2  
  43  7:01  Overlord  
  46  7:04  Drone x3  
  46  7:07  Baneling x2  
  49  7:15  Drone  
  49  7:16  Drone x2  
  49  7:17  Drone  
  53  7:23  Drone x2  
  55  7:38  Mutalisk x6  
  67  7:48  Mutalisk  
  73  7:54  Mutalisk  
  71  7:59  Overlord x2  
  71  8:01  Zergling x4  
  73  8:18  Overseer  
  73  8:19  Overseer  
  73  8:32  Mutalisk x3, Roach  
  73  8:33  Mutalisk  
  81  8:47  Zergling x16  
  89  8:51  Drone x6  
  93  9:06  Baneling  
  93  9:07  Baneling x7  
  93  9:08  Baneling x3  
  93  9:09  Baneling x3  
  71  9:59  Zergling x40  
  75  10:23  Baneling x14  
  75  10:24  Baneling x2  
  75  10:26  Mutalisk x4  
  75  10:40  Overlord x3  
Show
View Real Time Build Order
Export as new Build Order

MichyMoko Zerg 

Build Orders: Pool First 

Get SALT Encoding   

  12  0:01  Drone  
  13  0:12  Overlord  
  13  0:22  Drone  
  14  0:30  Drone x2  
  16  0:42  Drone  
  17  0:47  Spawning Pool  
  17  0:49  Drone  
  17  0:52  Extractor  
  17  0:56  Drone  
  17  1:25  Hatchery  
  16  1:35  Queen  
  16  1:38  Overlord  
  16  1:39  Zergling x2  
  19  1:42  Zergling x2  
  20  2:04  Drone  
  21  2:13  Drone  
  21  2:14  Queen  
  24  2:18  Metabolic Boost  
  24  2:23  Drone  
  25  2:57  Queen  
  27  2:59  Drone, Zergling x4  
  27  3:00  Drone x5  
  35  3:29  Extractor  
  34  3:35  Roach Warren  
  33  3:51  Lair  
  33  3:55  Overlord x2  
  33  3:56  Drone x3  
  36  4:13  Drone x8, Evolution Chamber  
  36  4:14  Evolution Chamber  
  36  4:17  Drone  
  43  4:26  Roach x2  
  47  4:35  Overlord  
  47  4:37  Overlord  
  47  4:38  Zergling x2  
  48  4:43  Roach  
  48  4:44  Roach  
  52  4:52  Glial Reconstitution  
  52  5:01  Roach x4  
  52  5:02  Roach  
  52  5:06  Drone x2  
  64  5:11  Extractor  
  63  5:14  Extractor, Overlord  
  63  5:16  Drone x2  
  63  5:17  Drone  
  60  6:00  Zergling x16  
  66  6:22  Overseer x2  
  66  6:28  Spire  
  66  6:31  Zerg Missile Weapons Level 1  
  66  6:32  Zerg Ground Armor Level 1  
  66  6:40  Hydralisk Den  
  66  6:44  Overlord x2  
  66  6:46  Roach x5  
  75  7:11  Unknown  
  75  7:13  Hatchery  
  74  7:16  Roach x6  
  74  7:17  Roach x2  
  90  7:47  Hydralisk  
  90  7:49  Overlord x3  
  90  7:50  Overlord  
  92  7:54  Muscular Augments  
  92  7:59  Unknown  
  92  8:18  Ravager  
  93  8:21  Ravager  
  93  8:22  Ravager x6  
  93  8:23  Ravager x3  
  93  8:26  Drone x11  
  114  8:38  Zerg Missile Weapons Level 2  
  114  9:08  Roach x6  
  114  9:09  Roach x2  
  130  9:16  Extractor x2  
  114  9:35  Roach  
  114  9:36  Roach x12  
  114  9:37  Roach  
  103  9:40  Roach  
  72  9:53  Roach  
  72  9:58  Roach  
  72  9:59  Roach x3  
  79  10:17  Roach x2  
  79  10:18  Roach x2  
  75  10:23  Roach  
  69  10:29  Roach  
  73  10:35  Roach  
  73  10:40  Roach  
  71  10:54  Roach x2  
  71  10:55  Roach  
Tags
 
Add a new tag
Caveats
  • Supply blocks, unpowered buildings, or Contaminate may cause inaccurate times.
  • Supply counts are checked every 10 seconds.